Map: Year Zero LE

Players

Smileblind

  • Race: Protoss Protoss
  • League: Silver
  • Spawn Location: 1:00

VOD

Have the link to the VOD?

Description

Time

  • Played on: Feb. 6, 2019, 10:51 p.m.
  • Length: 11:07
Show
View Real Time Build Order
Export as new Build Order

Smileblind Protoss 

Build Orders:  

Get SALT Encoding   

  12  0:09  Probe (Chrono Boost)  
  13  0:42  Probe (Chrono Boost)  
  14  0:55  Pylon  
  14  0:59  Probe (Chrono Boost)  
  15  1:23  Probe (Chrono Boost)  
  15  1:26  Gateway  
  16  1:36  Forge  
  17  1:40  Probe (Chrono Boost)  
  17  1:52  Pylon  
  17  1:57  Probe (Chrono Boost)  
  18  2:13  Assimilator  
  18  2:14  Probe (Chrono Boost)  
  20  2:30  Probe (Chrono Boost)  
  20  2:35  Zealot  
  20  2:39  Assimilator  
  20  2:45  Assimilator, Pylon  
  20  2:47  Probe (Chrono Boost)  
  23  3:04  Probe (Chrono Boost)  
  23  3:08  Photon Cannon  
  25  3:21  Cybernetics Core, Probe (Chrono Boost)  
  25  3:38  Probe (Chrono Boost)  
  26  4:03  Nexus  
  26  4:06  Probe (Chrono Boost)  
  27  4:12  Stalker  
  29  4:31  Gateway  
  29  4:45  Pylon  
  29  4:54  Sentry  
  31  5:06  Warp Gate  
  31  5:27  Shield Battery  
  31  5:31  Stalker  
  31  5:37  Probe (Chrono Boost)  
  34  5:54  Probe x2 (Chrono Boost)  
  36  6:05  Probe (Chrono Boost)  
  38  6:11  Probe (Chrono Boost)  
  38  6:18  Probe (Chrono Boost)  
  39  6:20  Photon Cannon  
  39  6:23  Photon Cannon  
  39  6:24  Shield Battery  
  39  6:28  Probe (Chrono Boost)  
  40  6:35  Probe (Chrono Boost)  
  41  6:45  Probe (Chrono Boost)  
  42  6:51  Shield Battery  
  42  6:55  Stargate  
  42  6:57  Stalker  
  42  6:58  Stalker  
  47  7:02  Probe (Chrono Boost)  
  47  7:14  Photon Cannon  
  47  7:23  Probe (Chrono Boost)  
  47  7:24  Pylon  
  48  7:34  Probe (Chrono Boost)  
  49  7:45  Twilight Council  
  49  7:47  Probe (Chrono Boost)  
  46  8:04  Probe (Chrono Boost)  
  46  8:09  Stalker x2  
  43  8:43  Zealot x2  
  47  8:53  Photon Cannon  
  47  8:56  Photon Cannon  
  43  9:22  Stalker  
  43  9:23  Stalker  
  43  9:25  Void Ray  
  47  9:59  Zealot  
  49  10:00  Zealot  
  49  10:08  Gateway  
  51  10:19  Probe (Chrono Boost)  
  52  10:26  Assimilator  
  52  10:31  Assimilator  
  52  10:36  Probe (Chrono Boost)  
Tags
 
League
Silver
Matchup
Co-op
Add a new tag
Caveats
  • Supply blocks, unpowered buildings, or Contaminate may cause inaccurate times.
  • Supply counts are checked every 10 seconds.